 Dungeon Crawl Stone Soup version 0.27.0-1-g7a089689b8 (webtiles) character file.

Game seed: 13968688356872240784

13674 bande the Cleaver (level 12, -4/73 HPs)
             Began as a Gargoyle Fighter on Aug 4, 2021.
             Was a High Priest of Okawaru.
             Slain by a death yak (19 damage)
             ... on level 4 of the Lair of Beasts.
             The game lasted 00:21:39 (12634 turns).

bande the Cleaver (Gargoyle Fighter)               Turns: 12634, Time: 00:21:41

Health: -4/73      AC: 35    Str: 25    XL:     12   Next: 8%
Magic:  5/5        EV:  8    Int: 10    God:    Okawaru [*****.]
Gold:   675        SH: 18    Dex: 13    Spells: 11/11 levels left

rFire    + . .     SeeInvis .   J - +10 broad axe of Benevolence {antimagic, *Rage rN++ rCorr Str+2}
rCold    . . .     Faith    .   c - +1 kite shield
rNeg     + + +     Spirit   .   I - +0 chain mail
rPois    ∞         Reflect  +   E - +0 helmet
rElec    +         Harm     .   B - +2 cloak
rCorr    +         Rampage  .   t - +2 pair of gloves {Dex+3}
Will     .....     Rnd*Rage +   o - +2 pair of boots
Stlth    ..........             x - amulet of reflection
HPRegen  0.22/turn              m - ring of protection from fire
MPRegen  0.09/turn              b - +4 ring of protection

@: studying Axes
A: sickness immunity, AC +8, negative energy resistance 1, electricity
resistance, torment resistance 1, petrification resistance
a: Renounce Religion, Heroism, Finesse


You were on level 4 of the Lair of Beasts.
You worshipped Okawaru.
Okawaru was extremely pleased with you.
You visited 2 branches of the dungeon, and saw 12 of its levels.

You collected 675 gold pieces.

Inventory:

Hand Weapons
 a - a +1 war axe of flaming
 g - the +5 broad axe "Cost" {vorpal, Str+5}
   (You acquired it on level 5 of the Dungeon)

   It inflicts extra damage upon your enemies.
   Str:       It affects your strength (+5).
 J - the +10 broad axe of Benevolence (weapon) {antimagic, *Rage rN++ rCorr Str+2}
   (Okawaru gifted it to you on level 2 of the Lair of Beasts)

   It reduces the magical energy of the wielder, and disrupts the spells and
   magical abilities of those it strikes.
   Natural abilities and divine invocations are not affected.
   Str:       It affects your strength (+2).
   rN:        It greatly protects you from negative energy.
   *Rage:     It may make you go berserk in combat.
   rCorr:     It protects you from acid and corrosion.
Armour
 c - a +1 kite shield (worn)
 o - a +2 pair of boots (worn)
 t - a +2 pair of gloves of dexterity (worn)
 B - a +2 cloak (worn)
 E - a +0 helmet (worn)
 I - a +0 chain mail (worn)
Jewellery
 b - a +4 ring of protection (right hand)
 j - a ring of flight
 l - a ring of fire
 m - a ring of protection from fire (left hand)
 x - an amulet of reflection (around neck)
 G - a ring of protection from fire
 K - a +6 ring of intelligence
 L - a +4 ring of protection
Wands
 r - a wand of charming (9)
 C - a wand of iceblast (7)
 F - a wand of paralysis (9)
Scrolls
 k - a scroll of magic mapping {unknown}
 p - a scroll of amnesia
 q - a scroll of blinking
 u - 2 scrolls of teleportation
 y - 2 scrolls of enchant weapon
 H - 2 scrolls of enchant armour
Potions
 d - 2 potions of might
 e - 3 potions of heal wounds
 f - a potion of lignification {unknown}
 h - 2 potions of degeneration {unknown}
 i - 5 potions of curing
 n - 2 potions of cancellation {unknown}
 s - 2 potions of resistance {unknown}
 v - 2 potions of brilliance {unknown}
 w - 5 potions of haste {unknown}
 z - a potion of mutation {unknown}
 A - a potion of berserk rage {unknown}
 D - a potion of attraction {unknown}


   Skills:
 + Level 7.7 Fighting
 + Level 12.4 Axes
 + Level 8.8 Armour
 - Level 3.0 Dodging
 + Level 9.7 Shields
 * Level 5.5 Invocations
 * Level 4.5 Evocations


You had 11 spell levels left.
You didn't know any spells.
Your spell library contained the following spells:

 Spells                   Type           Power      Damage    Failure   Level
 Freeze                   Ice            0%         1d3       98%         1
 Pain                     Necr           0%         1d4       98%         1
 Ensorcelled Hibernation  Hex/Ice        0%         N/A       99%         2
 Slow                     Hex            0%         N/A       99%         2
 Confusing Touch          Hex            0%         N/A       100%        3
 Frozen Ramparts          Ice            0%         1d2       100%        3
 Gell's Gravitas          Tloc           0%         N/A       100%        3
 Lesser Beckoning         Tloc           0%         N/A       100%        3
 Spider Form              Tmut/Pois      0%         N/A       100%        3
 Teleport Other           Tloc           0%         N/A       100%        3
 Vampiric Draining        Necr           0%         2d6       100%        3
 Hailstorm                Conj/Ice       0%         3d3       100%        4
 Ice Form                 Ice/Tmut       0%         N/A       100%        4
 Agony                    Necr           0%         N/A       100%        5
 Excruciating Wounds      Necr           0%         N/A       100%        5
 Shadow Creatures         Summ           N/A        N/A       100%        6
 Simulacrum               Ice/Necr       0%         N/A       100%        6


Dungeon Overview and Level Annotations

Branches:
Dungeon (8/15)             Temple (0/1) D:7            Lair (4/6) D:8
  Snake (0/4) Lair:3
  Swamp: Lair:2-4    Shoals: Lair:2-4

Altars:
Cheibriados
Dithmenos
Gozag
Hepliaklqana
Kikubaaqudgha
Okawaru
Ru
Sif Muna
The Shining One

Annotations:
D:6 Prince Ribbit


Innate Abilities, Weirdness & Mutations

You are immune to sickness and miasma.
Your stone body is resilient. (AC +8)
You are immune to poison.
You resist negative energy. (rN+)
You are resistant to electric shocks. (rElec)
You are resistant to unholy torment.
You are immune to petrification.


Message History

You hit the death yak. You closely miss the wolf. You slash the death yak!
The wolf barely misses you. You block the death yak's attack.
A yak comes into view.
You block the death yak's attack.
The death yak gores you but does no damage. x2
You slash the death yak!
The death yak is heavily wounded.
You slash the death yak! You hit the death yak. x2
The death yak gores you but does no damage. x2
You block the wolf's attack.
Unknown command.
You hit the death yak but do no damage.
The death yak is heavily wounded.
You hit the death yak. You barely miss the death yak. You slash the wolf!
You hit the death yak but do no damage. You hit the wolf.
You block the wolf's attack. x2; The death yak gores you! x2
* * * LOW HITPOINT WARNING * * *
The death yak gores you but does no damage.
You slash the death yak!
The death yak is severely wounded.
You slash the death yak! You hit the death yak.
You hit the wolf but do no damage. You slash the death yak! x2
You hit the death yak but do no damage. The wolf bites you but does no damage.
You block the death yak's attack. You block the wolf's attack.
You block the death yak's attack.
The death yak gores you but does no damage.
You block the death yak's attack. The death yak barely misses you.
You hit the death yak.
The death yak is severely wounded.
You slash the death yak!
Your shield and chain mail prevent you from hitting the death yak.
You hit the wolf.
You kill the wolf!
Okawaru accepts your kill.
You hit the death yak. You slash the death yak!
You completely miss the death yak. The death yak closely misses you.
The death yak gores you but does no damage.
You block the wolf's attack. You block the death yak's attack.
The death yak gores you!!
You die...

#..###....#....
##...#.................
#.......................
##......................
#....#......#...........
#.†..#P.......).........
.....##..........Y#.....
P..............hYY......
#..(..P........Y@YhY....
................YYh.....
P...###....##.##P###...#
P...###....####### .##
#...........#
...........##
.........#.#
##...#..#### #...###.###


You could see 6 death yaks, 2 yaks and 3 wolves.

Vanquished Creatures
  3 hydras
  Pikel (D:4)
  A deep elf zephyrmancer (D:7)
  An elephant (D:8)
  2 black mambas
  5 cane toads
  A rime drake (Lair:2)
  4 komodo dragons
  3 wyverns
  3 basilisks
  10 yaks
  2 humans (D:7)
  A steam dragon (D:8)
  2 wargs (Lair:1)
  4 water moccasins
  An orc warrior (D:6)
  2 ice beasts (D:6)
  A black bear (D:5)
  A sky beast (D:7)
  4 ogres
  2 centaurs
  12 wolves
  A lemure (D:4)
  2 phantoms
  2 kobold brigands (D:7)
  A wyvern zombie (D:6)
  8 bullfrogs
  6 scorpions
  3 wights (D:5)
  3 howler monkeys (D:7)
  3 hounds
  An orc priest (D:6)
  4 iguanas
  2 orc wizards
  A mummy (D:7)
  A howler monkey zombie (D:7)
  4 gnolls
  5 adders
  A white imp (D:8)
  4 worms
  3 dart slugs
  14 orcs
  6 ball pythons
  7 endoplasms
  5 giant cockroaches
  7 goblins
  6 hobgoblins
  2 jackals (D:1)
  18 kobolds
  3 quokkas
  4 bats
  4 frilled lizards
  5 rats
202 creatures vanquished.

Vanquished Creatures (others)
  An orc wizard (D:8)
  5 fungi
  11 plants
17 creatures vanquished.

Grand Total: 219 creatures vanquished

Notes
Turn   | Place    | Note
-------+----------+-------------------------------------------
     0 | D:1      | bande the Gargoyle Fighter began the quest for the Orb.
     0 | D:1      | Reached XP level 1. HP: 14/14 MP: 1/1
   136 | D:1      | Reached XP level 2. HP: 19/19 MP: 2/2
   141 | D:1      | Found a faded altar of an unknown god.
   675 | D:2      | Reached XP level 3. HP: 21/23 MP: 3/3
   991 | D:2      | Reached skill level 2 in Axes
   991 | D:2      | Reached XP level 4. HP: 24/29 MP: 4/4
  1399 | D:2      | Found a snail-covered altar of Cheibriados.
  2440 | D:3      | Reached XP level 5. HP: 29/33 MP: 5/5
  2901 | D:4      | Identified the +5 long sword of Invincibility {drain, rC+}
  2998 | D:4      | Reached skill level 3 in Axes
  3139 | D:4      | Found an opulent altar of Gozag.
  3923 | D:5      | Entered Level 5 of the Dungeon
  3924 | D:5      | Identified a scroll of acquirement
  3924 | D:5      | Acquired the +5 broad axe "Cost" {vorpal, Str+5}
  3955 | D:5      | Reached XP level 6. HP: 14/39 MP: 6/6
  4181 | D:5      | Noticed Pikel
  4184 | D:5      | Reached skill level 1 in Dodging
  4461 | D:4      | Killed Pikel
  4462 | D:4      | Reached skill level 4 in Axes
  4462 | D:4      | Reached skill level 5 in Armour
  4462 | D:4      | Reached skill level 5 in Shields
  4462 | D:4      | Reached XP level 7. HP: 15/44 MP: 7/7
  4857 | D:5      | Reached skill level 5 in Fighting
  4857 | D:5      | Reached skill level 5 in Axes
  4857 | D:5      | Reached XP level 8. HP: 49/49 MP: 8/8
  5637 | D:6      | Reached skill level 6 in Axes
  5821 | D:6      | Reached XP level 9. HP: 54/54 MP: 9/9
  6019 | D:6      | Found a glowing golden altar of the Shining One.
  6050 | D:6      | Reached skill level 7 in Axes
  6108 | D:6      | Found a shadowy altar of Dithmenos.
  6382 | D:6      | Noticed Prince Ribbit
  6863 | D:7      | Found an ancient bone altar of Kikubaaqudgha.
  7072 | D:7      | Found an iron altar of Okawaru.
  7101 | D:7      | Became a worshipper of Warmaster Okawaru
  7118 | D:7      | Reached skill level 8 in Axes
  7340 | D:7      | Found a staircase to the Ecumenical Temple.
  7350 | D:7      | Reached XP level 10. HP: 54/60 MP: 10/10
  7437 | D:7      | Found a snail-covered altar of Cheibriados.
  7513 | D:7      | Noticed a deep elf zephyrmancer
  7523 | D:7      | Killed a deep elf zephyrmancer
  7523 | D:7      | Reached * piety under Okawaru
  8098 | D:8      | Acquired a manual of Axes
  8205 | D:8      | Found a shimmering blue altar of Sif Muna.
  8214 | D:8      | Reached skill level 9 in Axes
  8266 | D:8      | Noticed a salamander
  8266 | D:8      | Noticed a boulder beetle
  8266 | D:8      | Noticed a two-headed ogre
  8266 | D:8      | Noticed a white ugly thing
  8266 | D:8      | Noticed a manticore
  8267 | D:8      | Noticed a centaur warrior
  8268 | D:8      | Found the +10 dark maul {vorpal}
  8268 | D:8      | Found a sacrificial altar of Ru.
  8338 | D:8      | Found a hazy altar of Hepliaklqana.
  8373 | D:8      | Noticed a centaur warrior
  8386 | D:8      | Noticed an elephant
  8387 | D:8      | Found a staircase to the Lair.
  8404 | D:8      | Killed an elephant
  8405 | D:8      | Reached skill level 1 in Invocations
  8414 | D:8      | Reached ** piety under Okawaru
  8415 | D:8      | Reached skill level 1 in Evocations
  8866 | D:8      | Noticed a shining eye
  9013 | D:8      | Noticed a manticore
  9198 | Lair:1   | Entered Level 1 of the Lair of Beasts
  9399 | Lair:1   | Reached skill level 10 in Axes
  9633 | Lair:1   | Noticed a six-headed hydra
  9654 | Lair:1   | Killed a one-headed hydra
  9654 | Lair:1   | Reached *** piety under Okawaru
  9655 | Lair:1   | Reached XP level 11. HP: 18/66 MP: 10/13
  9837 | Lair:1   | Reached **** piety under Okawaru
  9944 | Lair:1   | Reached skill level 11 in Axes
 10992 | Lair:2   | Noticed a seven-headed hydra
 11010 | Lair:2   | Killed a two-headed hydra
 11010 | Lair:2   | Reached ***** piety under Okawaru
 11347 | Lair:2   | Identified the +10 broad axe of Benevolence {antimagic,
                  | *Rage rN++ rCorr Str+2} (Okawaru gifted it to you on level
                  | 2 of the Lair of Beasts)
 11347 | Lair:2   | Received a gift from Okawaru
 11465 | Lair:2   | Reached skill level 5 in Invocations
 11471 | Lair:2   | Reached skill level 12 in Axes
 11566 | Lair:2   | Identified the +1 ring mail "Alea" {Dex+3}
 12062 | Lair:3   | Found a staircase to the Snake Pit.
 12494 | Lair:4   | Noticed a four-headed hydra
 12498 | Lair:4   | Reached XP level 12. HP: 72/72 MP: 4/16
 12503 | Lair:4   | Killed a one-headed hydra
 12621 | Lair:4   | Noticed a death yak
 12621 | Lair:4   | Noticed a death yak
 12622 | Lair:4   | Noticed a death yak
 12623 | Lair:4   | Noticed a death yak
 12624 | Lair:4   | Noticed a death yak
 12626 | Lair:4   | Noticed a death yak
 12634 | Lair:4   | Slain by a death yak

Illustrated notes

Levels and vault maps discovered:
D:1:      nzn_arrival_water_spiral, layout_basic,
          hellmonk_ecumenical_altar_zigzags, grunt_decor_clamped
D:2:      layout_loops_corners, basic_altar, minmay_tetromino_i2
D:3:      layout_basic
D:4:      layout_basic, grunt_gozag_statues
D:5:      layout_basic, uniq_pikel
D:6:      layout_loops_ring, mainiacjoe_overflow_alcove_2, tso_oasis_becter,
          uniq_prince_ribbit1
D:7:      layout_loops_corners, kiku_gazebo_garden_becter, okawaru_humans,
          slow_altar_1, minmay_temple_entry_tees, enter_bailey_4, st_stairs_3,
          guppyfry_early_elven_hall
D:8:      layout_basic, mainiacjoe_overflow_small_starburst,
          nicolae_sif_muna_condensation, kennysheep_little_box,
          david_lair_generic, minivault_12
Lair:1:   beast_lair_carwin_large_2, layout_small_grid
Lair:2:   layout_roguey, lemuel_fruit_fields, grunt_megastairs_3
Lair:3:   layout_chaotic_city, dummy_snake_entry
Lair:4:   layout_gridlike, swamp_mist_pool, portal_ice_cave_entry_pillars_1,
          serial_bayou_shore_b, serial_bayou_shore_a, uniq_nessos

Skill      XL: |  1  2  3  4  5  6  7  8  9 10 11 |
---------------+----------------------------------+-----
Armour         | 4 5 6 7 8 |  8.8
Axes           | 2 3 4 5 6 8 10 12 | 12.4
Fighting       | 4 5 6 7 |  7.7
Shields        | 4 5 6 7 8 9 |  9.7
Dodging        | 1 2 3 |  3.0
Invocations    | 3 5 |  5.5
Evocations     | 2 4 |  4.5

Action                   |  1- 3 |  4- 6 |  7- 9 | 10-12 || total
-------------------------+-------+-------+-------+-------++-------
Melee: War axe           |    66 |   175 |       |    55 ||   296
       Broad axe         |       |    42 |   161 |   211 ||   414
Invok: Heroism           |       |       |       |     1 ||     1
  Use: Scroll            |     1 |     6 |     2 |     5 ||    14
       Potion            |       |     1 |       |     1 ||     2
Armor: Scale mail        |    34 |   104 |    93 |    67 ||   298
       Chain mail        |       |       |       |    75 ||    75
Dodge: Dodged            |    24 |    83 |    63 |    80 ||   250
Block: Kite shield       |    37 |   138 |   119 |   277 ||   571
       Reflection        |       |       |       |     5 ||     5
